 Dungeon Crawl Stone Soup version 0.29.0-4-gdea44cf6ec (webtiles) character file.

Game seed: 3272874595589879024

25 qw the Chopper (level 3, 0/21 HPs)
             Began as a Tengu Warper on Aug 28, 2022.
             Slain by a jackal (3 damage)
             ... on level 1 of the Dungeon.
             The game lasted 00:00:03 (574 turns).

qw the Chopper (Tengu Warper)                        Turns: 574, Time: 00:00:04

Health: 0/21       AC:  3    Str: 13    XL:     3   Next: 6%
Magic:  7/7        EV: 12    Int: 13    God:
Gold:   32         SH:  0    Dex: 13    Spells: 6/6 levels left

rFire   . . .      SeeInvis .   a - +0 hand axe
rCold   . . .      Faith    .   (no shield)
rNeg    . . .      Spirit   .   b - +0 leather armour
rPois   .          Reflect  .   (helmet restricted)
rElec   .          Harm     .   (no cloak)
rCorr   .          Rampage  .   (no gloves)
Will    .....                   (boots unavailable)
Stlth   +.........              (no amulet)
HPRegen 0.07/turn               (no ring)
MPRegen 0.10/turn               (no ring)

@: no status effects
A: beak, talons 3
a: no special abilities


You were on level 1 of the Dungeon.
You visited 1 branch of the dungeon, and saw 1 of its levels.

You collected 32 gold pieces.


Innate Abilities, Weirdness & Mutations

You have a beak for a mouth.
You have claws for feet.


   Skills:
 - Level 2.0 Fighting
 + Level 3.8 Axes
 - Level 1.0 Throwing
 - Level 1.1 Armour
 - Level 2.1 Dodging
 - Level 2.0 Spellcasting
 - Level 2.4 Translocations


You had 6 spell levels left.
You didn't know any spells.
Your spell library contained the following spells:

 Spells                   Type           Power      Damage    Failure   Level
 Blink                    Tloc           14%        N/A       19%         2
 Gell's Gravitas          Tloc           7%         N/A       36%         3
 Lesser Beckoning         Tloc           7%         N/A       36%         3
 Teleport Other           Tloc           7%         N/A       36%         3
 Manifold Assault         Tloc           7%         N/A       98%         5

Inventory:

Hand Weapons
 a - a +0 hand axe (weapon)
 h - a +0 whip
Armour
 b - a +0 leather armour (worn)
 e - a +0 scale mail
Scrolls
 c - a scroll of blinking
 d - a scroll of vulnerability {unknown}
 f - a scroll of fear {unknown}
 g - a scroll of fog {unknown}
 i - a scroll of magic mapping {unknown}

Dungeon Overview and Level Annotations

Branches:
Dungeon (1/15)

Altars:


Message History

The jackal is severely wounded.
You hit the jackal. You closely miss the jackal.
You hit the jackal but do no damage.
The jackal bites you. x2; The jackal closely misses you.
The jackal barely misses you. The jackal closely misses you.
The jackal bites you.
You closely miss the jackal. Your kick misses the jackal.
You peck the jackal, but do no damage.
The jackal is severely wounded.
You hit the jackal. x3
You kill the jackal!
The jackal bites you but does no damage.
The jackal barely misses you.
The jackal bites you but does no damage.
The jackal barely misses you. x2
You have reached level 3!
Your experience leads to an increase in your attributes!
Increase (S)trength, (I)ntelligence, or (D)exterity?
You feel stronger. x2
You closely miss the jackal.
The jackal is heavily wounded.
You closely miss the jackal. x2
The jackal bites you. The jackal closely misses you. x3
You hit the jackal.
You kill the jackal!
You completely miss the jackal. You closely miss the jackal.
The jackal bites you. The jackal closely misses you.
The jackal barely misses you. The jackal misses you.
You hit the jackal but do no damage. Your kick misses the jackal.
The jackal is moderately wounded.
You miss the jackal.
The jackal bites you but does no damage.
The jackal closely misses you.
You hit the jackal but do no damage. Your kick misses the jackal.
You peck the jackal, but do no damage.
The jackal is moderately wounded.
You hit the jackal.
The jackal bites you but does no damage.
The jackal closely misses you. x2; The jackal bites you.
You die...

##.##.##.#
##.###.###.
##.## #.# ##
##.## #.# # #
##.## #.#
##.########.##
#.#
........##..#
###
......%.##.##
......h@.%.#
......h....#
#######....#
#....# #....#
#....# #....#
#....#


You could see 2 jackals.

Vanquished Creatures
  3 bats (D:1)
  An endoplasm (D:1)
  3 goblins (D:1)
  2 hobgoblins (D:1)
  6 jackals (D:1)
  A quokka (D:1)
  A frilled lizard (D:1)
  2 kobolds (D:1)
  3 rats (D:1)
22 creatures vanquished.

Notes
Turn   | Place    | Note
-------+----------+-------------------------------------------
     0 | D:1      | qw the Tengu Warper began the quest for the Orb.
     0 | D:1      | Reached XP level 1. HP: 12/12 MP: 4/4
     0 | D:1      | 0 ||| qw: Version: 0.1-a-89-g26bdef1
     0 | D:1      | 0 ||| qw: Game counter: 768
     0 | D:1      | 0 ||| qw: Always use a shield: true
     0 | D:1      | 0 ||| qw: God list: Okawaru
     0 | D:1      | 0 ||| qw: Allow faded altars: false
     0 | D:1      | 0 ||| qw: Do Orc after D:15 true
     0 | D:1      | 0 ||| qw: Do second Lair branch before Depths: true
     0 | D:1      | 0 ||| qw: Lair rune preference: random
     0 | D:1      | 0 ||| qw: Plans: Normal
     0 | D:1      | 0 ||| PLANNING D:1-11
    92 | D:1      | 92 ||| Stepping ~*~*~tactically~*~*~ (stealth).
    93 | D:1      | 93 ||| Stepping ~*~*~tactically~*~*~ (stealth).
    98 | D:1      | 98 ||| Stepping ~*~*~tactically~*~*~ (stealth).
   102 | D:1      | 102 ||| Stepping ~*~*~tactically~*~*~ (stealth).
   103 | D:1      | 103 ||| Stepping ~*~*~tactically~*~*~ (stealth).
   110 | D:1      | Reached XP level 2. HP: 17/17 MP: 6/6
   114 | D:1      | Reached skill level 3 in Axes
   167 | D:1      | 167 ||| DROPPING +0 club.
   571 | D:1      | Reached XP level 3. HP: 8/21 MP: 7/7
   571 | D:1      | HP: 5/21 [jackal (3)]
   574 | D:1      | Slain by a jackal

Levels and vault maps discovered:
D:1:      spicycebolla_arrival_xxxplode, layout_basic, basic_ecumenical_altar,
          serial_glass, glass_columns_c, glass_columns_a

Skill      XL: |  1  2 |
---------------+-------+-----
Axes           | 3 |  3.8
Fighting       | |  2.0
Throwing       | |  1.0
Armour         | |  1.1
Dodging        | |  2.1
Spellcasting   | |  2.0
Translocations | |  2.4

Action                   || total
-------------------------++-------
Melee: Hand axe          ||    35
       Kick              ||     7
       Peck              ||     6
       Punch             ||     1
Throw: Boomerang         ||     7
Armor: Leather armour    ||    10
Dodge: Dodged            ||    37

Table legend:
 A = Non-vault XP
 B = Vault XP
 C = Vault XP percentage of total XP
 D = Non-vault monster count
 E = Vault monster count
 F = Vault count percentage of total count
                 A         B        C        D         E       F
            +---------+---------+-------+---------+---------+-------
      Total |      37 |       0 |   0.0 |      22 |       0 |   0.0
            +---------+---------+-------+---------+---------+-------
        D:1 |      37 |       0 |   0.0 |      22 |       0 |   0.0
            +---------+---------+-------+---------+---------+-------
